 Dungeon Crawl Stone Soup version 0.17.1-3-g152610e (webtiles) character file.

81 Venard the Covert (level 4, 0/22 HPs)
             Began as a Spriggan Assassin on Mar 18, 2016.
             Succumbed to a scorpion's poison
             ... on level 4 of the Dungeon.
             The game lasted 00:16:00 (2376 turns).

Venard the Covert (Spriggan Assassin)               Turns: 2376, Time: 00:16:00

Health: 0/22       AC:  3    Str:  8    XL:     4   Next: 19%
Magic:  5/5        EV: 17    Int: 12    God:
Gold:   52         SH:  0    Dex: 17    Spells: 0 memorised, 3 levels left

rFire  . . .     SeeInvis +     a - +2 dagger
rCold  . . .     Clarity  .     c - +0 robe
rNeg   . . .     SustAt   .     (shield restricted)
rPois  .         Gourm    .     (helmet restricted)
rElec  .         Spirit   .     d - +0 cloak
rCorr  .         Warding  .     (gloves unavailable)
rMut   .         Stasis   .     (boots unavailable)
MR     .....                    (no amulet)
Stlth  +++++.....               (no ring)
                                (no ring)

@: lethally poisoned (0 -> -9), very quick, not resistant to hostile
enchantments, quite stealthy
A: unfitting armour, see invisible, herbivore 3, speed 3, slow metabolism 2
a: no special abilities


You were on level 4 of the Dungeon.
You were not hungry.

You visited 1 branch of the dungeon, and saw 4 of its levels.

You collected 52 gold pieces.

Inventory:

Hand Weapons
 a - a +2 dagger (weapon)
 b - a +0 blowgun
 i - a +4 dagger of flaming
 n - a +0 dagger
Missiles
 e - 36 poisoned needles
 f - 2 curare-tipped needles
 o - 8 tomahawks (quivered)
 u - 20 arrows of frost
 z - 2 stones
Armour
 c - a +0 robe (worn)
 d - a +0 cloak (worn)
Scrolls
 h - 2 scrolls of fog {unknown}
 j - a scroll of immolation {unknown}
 l - a scroll of enchant armour {unknown}
 t - a scroll of identify {unknown}
 w - a scroll of remove curse {unknown}
 x - a scroll of random uselessness {unknown}
 y - a scroll of noise {unknown}
Potions
 k - a potion of degeneration {unknown}
 p - 2 potions of resistance {unknown}
 q - a potion of heal wounds {unknown}
 r - 2 potions of poison {unknown}
 s - a potion of might {unknown}
 v - a potion of mutation {unknown}
Comestibles
 g - 3 bread rations
 m - 6 fruits


   Skills:
 - Level 1.5 Fighting
 - Level 2.2 Short Blades
 - Level 2.0 Throwing
 - Level 1.5 Dodging
 + Level 8.7 Stealth


You had 3 spell levels left.
You didn't know any spells.

Dungeon Overview and Level Annotations

Branches:
Dungeon (4/15)
 Temple: D:4-7

Altars:
Cheibriados
Okawaru
Trog
Vehumet
Xom
The Shining One

Annotations:
D:2 Terence


Innate Abilities, Weirdness & Mutations

You are tiny and cannot use many weapons and most armour.
You have supernaturally acute eyesight.
You are a herbivore.
You cover ground extremely quickly.
You need consume almost no food.


Message History

The scorpion is moderately wounded.
You feel sick. The scorpion stings you.
* * * LOW HITPOINT WARNING * * *
You are more poisoned.
The scorpion poisons you!
* * * LOW HITPOINT WARNING * * *
You feel sick.
* * * LOW HITPOINT WARNING * * *
You feel sick.
* * * LOW HITPOINT WARNING * * *
You feel sick.
* * * LOW HITPOINT WARNING * * *
You feel sick.
You drop a bread ration.
* * * LOW HITPOINT WARNING * * *
You feel sick.
Drop what? 26/52 slots (_ for help) (? for menu, Esc to quit)
You drop 2 green potions.
p - 2 green potions You die...

# #.# ... . #.# #.#
#.# #.# #.# #.# #.#
#.# #.# ##.##
#.###.###...##
#...@s.......########
#########............
##.#.######## #.#.#
#.#.# ..#.# #....
....# ##..#


You could see a scorpion.

Vanquished Creatures
  An adder (D:2)
  3 oozes
  A giant gecko (D:3)
  4 orcs (D:3)
  10 bats
  3 giant cockroaches
  8 goblins
  4 hobgoblins (D:1)
  2 jackals (D:1)
  4 giant newts
  8 kobolds
  7 rats
55 creatures vanquished.

Notes
Turn   | Place    | Note
--------------------------------------------------------------
     0 | D:1      | Venard the Spriggan Assassin began the quest for the Orb.
     0 | D:1      | Reached XP level 1. HP: 10/10 MP: 2/2
    28 | D:1      | Reached skill level 6 in Stealth
    56 | D:1      | Reached XP level 2. HP: 14/14 MP: 3/3
   159 | D:1      | Reached skill level 7 in Stealth
   518 | D:1      | Reached XP level 3. HP: 16/18 MP: 4/4
  1143 | D:2      | Reached skill level 8 in Stealth
  1151 | D:2      | Found a glowing golden altar of the Shining One.
  1258 | D:2      | Noticed Terence
  1288 | D:2      | Found an iron altar of Okawaru.
  1436 | D:2      | Found a shimmering altar of Xom.
  1455 | D:2      | Found a bloodstained altar of Trog.
  1631 | D:2      | Found a radiant altar of Vehumet.
  1955 | D:3      | Found a snail-covered altar of Cheibriados.
  2015 | D:3      | Reached XP level 4. HP: 22/22 MP: 5/5
  2374 | D:4      | HP: 1/22 [poisoned by a scorpion]
  2376 | D:4      | Succumbed to a scorpion's poison

Action                   |  1- 3 |  4- 6 || total
-------------------------+-------+-------++-------
Melee: Dagger            |   111 |    27 ||   138
 Stab: Sleeping          |    15 |     2 ||    17
